 Dungeon Crawl Stone Soup version 0.24.0-125-gc4c63601f3 (webtiles) character file.

Game seed: 569411079174773292, levelgen mode: deterministic

143 Frank2 the Cudgeler (level 5, -1/39 HPs)
             Began as a Demonspawn Gladiator on Mar 5, 2020.
             Slain by an ogre
             ... wielding a +0 giant spiked club
              (18 damage)
             ... on level 3 of the Dungeon.
             The game lasted 00:02:23 (2195 turns).

Frank2 the Cudgeler (Demonspawn Gladiator)          Turns: 2195, Time: 00:02:24

Health: -1/39      AC:  8    Str: 14    XL:     5   Next: 4%
Magic:  5/5        EV: 13    Int:  9    God:
Gold:   91         SH:  0    Dex: 16    Spells: 4/4 levels left

rFire    . . .     SeeInvis .   a - +0 flail
rCold    . . .     Gourm    .   (no shield)
rNeg     . . .     Faith    .   b - +0 leather armour
rPois    .         Spirit   .   c - +0 helmet
rElec    .         Reflect  .   (no cloak)
rCorr    .         Harm     .   k - +0 pair of gloves
MR       .....                  (no boots)
Stlth    +.........             (no amulet)
HPRegen  0.13/turn              (no ring)
MPRegen  0.09/turn              (no ring)

@: no status effects
A: yellow scales 2, foul stench 1, rot immunity
a: no special abilities


You were on level 3 of the Dungeon.
You were hungry.

You visited 1 branch of the dungeon, and saw 3 of its levels.

You collected 91 gold pieces.

Inventory:

Hand Weapons
 a - a +0 flail (weapon)
Missiles
 d - 2 throwing nets (quivered)
Armour
 b - a +0 leather armour (worn)
 c - a +0 helmet (worn)
 k - a +0 pair of gloves (worn)
Potions
 e - a potion of agility {unknown}
 g - a potion of curing {unknown}
 i - a potion of degeneration {unknown}
Comestibles
 f - 3 rations
 h - a chunk of flesh


   Skills:
 + Level 2.5 Fighting
 + Level 4.0 Maces & Flails
 - Level 1.7 Throwing
 + Level 1.5 Armour
 + Level 3.5 Dodging


You had 4 spell levels left.
You didn't know any spells.
Your spell library was empty.

Dungeon Overview and Level Annotations

Branches:
Dungeon (3/15)

Altars:
Uskayaw


Innate Abilities, Weirdness & Mutations

You are mostly covered in yellow scales. (AC +3)
You may emit foul miasma when damaged in melee.
You are immune to rotting.


Message History

Press: ? - help, Shift-Dir - straight line, f - ogre
Aim: an ogre, wielding a +0 giant spiked club You throw a throwing net.
The throwing net hits the ogre.
The ogre is caught in the net!
The ogre struggles against the net.
You thump the ogre!
The ogre is moderately wounded.
An orc priest comes into view. It is wielding a +0 mace.
The ogre struggles against the net.
You hit the ogre but do no damage.
The ogre is moderately wounded.
The orc priest calls down the wrath of Beogh upon you.
Beogh smites you!
The ogre struggles against the net.
You hit the ogre.
The ogre is heavily wounded.
The ogre struggles against the net.
The net rips apart, and the ogre comes free!
You closely miss the ogre.
The ogre is heavily wounded.
The ogre hits you with a +0 giant spiked club!!
You die...

## . #. ##.### ######## #
....# #......# #.#.#.#
#.####.#
###.#.#.########.####.#
.........o.ooO@.....#.#####
##.#.#.########.##.#.#...#
#.#.#.# #.##...)รท..#
#...).# #...>..#..<#
###)### #########.## #...#
#.# #.#.#.# #.# ..#......
#.# ##. ... ... ...


You could see an ogre, an orc priest, an orc wizard and an orc.

Vanquished Creatures
  Natasha (D:2)
  3 adders (D:2)
  2 oozes
  A worm (D:2)
  2 dart slugs (D:1)
  A leopard gecko (D:2)
  2 orcs (D:3)
  3 giant cockroaches
  4 goblins
  6 hobgoblins
  6 jackals
  9 kobolds
  A quokka (D:2)
  7 bats
  12 frilled lizards
  7 rats
67 creatures vanquished.

Vanquished Creatures (others)
  Natasha (D:2)
1 creature vanquished.

Grand Total: 68 creatures vanquished

Notes
Turn   | Place    | Note
-------+----------+-------------------------------------------
     0 | D:1      | Frank2 the Demonspawn Gladiator began the quest for the
                  | Orb.
     0 | D:1      | Reached XP level 1. HP: 16/16 MP: 1/1
   194 | D:1      | Gained mutation: You are partially covered in yellow
                  | scales. (AC +2) [demonic ancestry]
   194 | D:1      | Reached XP level 2. HP: 19/22 MP: 2/2
   199 | D:1      | Reached skill level 3 in Maces & Flails
   725 | D:2      | Gained mutation: You are immune to rotting. [demonic
                  | ancestry]
   725 | D:2      | Reached XP level 3. HP: 27/27 MP: 3/3
   751 | D:2      | Noticed Natasha
   761 | D:2      | Killed Natasha
  1103 | D:2      | Gained mutation: You may emit foul miasma when damaged in
                  | melee. [demonic ancestry]
  1103 | D:2      | Reached XP level 4. HP: 18/34 MP: 4/4
  1253 | D:2      | Noticed Natasha
  1261 | D:2      | Killed Natasha
  1261 | D:2      | Reached skill level 1 in Armour
  1269 | D:2      | Found a hide-covered altar of Uskayaw.
  1280 | D:2      | Noticed a +0 dagger
  1280 | D:2      | Noticed a +0 hand axe
  2142 | D:3      | Gained mutation: You are mostly covered in yellow scales.
                  | (AC +3) [demonic ancestry]
  2142 | D:3      | Reached XP level 5. HP: 28/39 MP: 5/5
  2172 | D:3      | Reached skill level 4 in Maces & Flails
  2176 | D:3      | Noticed an ogre
  2195 | D:3      | Slain by an ogre

Levels and vault maps discovered:
D:1:      dpeg_arrival_round_a, layout_rooms
D:2:      layout_basic, dancing_weapons_uskayaw, minmay_lizard_pond,
          uniq_natasha
D:3:      layout_loops_cross, overflow_temple_1_default

Skill      XL: |  1  2  3  4  5 |
---------------+----------------+-----
Dodging        | 3 |  3.5
Maces & Flails | 3 4 |  4.0
Armour         | 1 |  1.5
Fighting       | |  2.5
Throwing       | |  1.7

Action                   |  1- 3 |  4- 6 || total
-------------------------+-------+-------++-------
Melee: Flail             |   115 |   117 ||   232
Throw: Throwing net      |       |     1 ||     1
  Use: Scroll            |     2 |     2 ||     4
  Eat: Chunk             |       |     4 ||     4
Armor: Leather armour    |    37 |    61 ||    98
Dodge: Dodged            |    94 |   140 ||   234
